 Dungeon Crawl Stone Soup version 0.20-a0-2-g2b0e13a (webtiles) character file.

94 varam the Chopper (level 4, 0/52 HPs)
             Began as a Demonspawn Berserker on Oct 29, 2016.
             Was a Believer of Trog.
             Slain by Jessica
             ... wielding a +0 dagger
              (5 damage)
             ... on level 2 of the Dungeon.
             The game lasted 00:02:09 (2084 turns).

varam the Chopper (Demonspawn Berserker)            Turns: 2084, Time: 00:02:10

Health: 0/52       AC:  2    Str: 23    XL:     4   Next: 38%
Magic:  4/4        EV: 12    Int:  8    God:    Trog [**....]
Gold:   86         SH:  0    Dex: 13    Spells: 0 memorised, 3 levels left

rFire  . . .     SeeInvis .     a - +0 hand axe
rCold  . . .     Gourm    .     b - +0 animal skin
rNeg   . . .     Faith    .     (no shield)
rPois  .         Spirit   .     (no helmet)
rElec  .         Reflect  .     (no cloak)
rCorr  .         Harm     .     (no gloves)
MR     .....                    (no boots)
Stlth  ..........               (no amulet)
                                (no ring)
                                (no ring)

@: berserking, very quick
A: claws 1, rot immunity
a: Berserk, Trog's Hand, Burn Spellbooks, Renounce Religion


You were on level 2 of the Dungeon.
You worshipped Trog.
Trog was pleased with you.
You were not hungry.

You visited 1 branch of the dungeon, and saw 2 of its levels.

You collected 86 gold pieces.

Inventory:

Hand Weapons
 a - a +0 hand axe (weapon)
Missiles
 m - 6 javelins (quivered)
Armour
 b - a +0 animal skin (worn)
Jewellery
 e - an uncursed amulet of faith {unknown}
Scrolls
 h - 4 scrolls of identify {unknown}
 n - a scroll of blinking {unknown}
Potions
 d - a potion of experience {unknown}
 f - a potion of curing {unknown}
 i - a potion of degeneration {unknown}
 k - a potion of haste {unknown}
Comestibles
 c - 2 bread rations
 g - 4 meat rations
 j - 3 beef jerkies
 l - 8 chunks of flesh


   Skills:
 - Level 3.0 Fighting
 + Level 4.7 Axes
 - Level 1.7 Armour
 - Level 1.7 Dodging


You had 3 spell levels left.
You didn't know any spells.

Dungeon Overview and Level Annotations

Branches:
Dungeon (2/15)

Altars:

Annotations:
D:2 Jessica, Natasha


Innate Abilities, Weirdness & Mutations

You have sharp fingernails.
You are immune to rotting.


Message History

You are too injured to fight recklessly!
You are too injured to fight recklessly!
You are too injured to fight recklessly!
You are too injured to fight recklessly!
You are too injured to fight recklessly!
You are too injured to fight recklessly!
You are too injured to fight recklessly!
You are too injured to fight recklessly!
You are too injured to fight recklessly!
You are too injured to fight recklessly!
A red film seems to cover your vision as you go berserk!
You feel yourself moving faster!
You feel mighty!
You feel quite a bit more hungry. Jessica hits you but does no damage.
Natasha casts a spell at you. The magic dart hits you!
* * * LOW HITPOINT WARNING * * *
You hit Natasha.
Natasha is severely wounded.
You hit Jessica. Jessica hits you with a dagger.
You die...

#.............
#....#########
#....# #....#
#....# ####.#
#.# #.#
#@###.....
#†@h......
#.........
#.........
#.........
#.....####
#......
###...## ####


You could see Natasha and Jessica.

Vanquished Creatures
  Natasha (twice) (D:2)
  An ooze (D:2)
  A leopard gecko (D:1)
  2 ball pythons
  9 bats
  A giant cockroach (D:2)
  4 goblins (D:2)
  5 hobgoblins
  4 jackals (D:2)
  4 frilled lizards
  3 kobolds (D:1)
  3 rats
39 creatures vanquished.

Notes
Turn   | Place    | Note
-------+----------+-------------------------------------------
     0 | D:1      | varam the Demonspawn Berserker began the quest for the Orb.
     0 | D:1      | Reached XP level 1. HP: 18/18 MP: 1/1
    46 | D:1      | Reached skill level 3 in Axes
   304 | D:1      | Gained mutation: You are immune to rotting. [demonic ancestry]
   304 | D:1      | Reached XP level 2. HP: 11/24 MP: 2/2
  1161 | D:2      | Noticed Natasha
  1171 | D:2      | HP: 3/36 [Natasha (10)]
  1173 | D:2      | Killed Natasha
  1173 | D:2      | Reached skill level 4 in Axes
  1173 | D:2      | Reached XP level 3. HP: 3/29 MP: 3/3
  1713 | D:2      | Noticed Natasha
  1724 | D:2      | Killed Natasha
  1724 | D:2      | Gained mutation: You have sharp fingernails. [demonic ancestry]
  1724 | D:2      | Reached XP level 4. HP: 14/35 MP: 4/4
  2002 | D:2      | Reached ** piety under Trog
  2076 | D:2      | Noticed Jessica
  2076 | D:2      | Noticed Natasha
  2083 | D:2      | HP: 5/52 [Natasha/magic dart (7)]
  2084 | D:2      | Slain by Jessica

Vault maps used:
D:1:      dpeg_arrival_concentric_ovals
D:2:      led_sif_pool, uniq_jessica, uniq_natasha

Skill      XL: |  1  2 |
---------------+-------+-----
Axes           | 3 4 |  4.7
Fighting       | |  3.0
Armour         | |  1.7
Dodging        | |  1.7

Action                   |  1- 3 |  4- 6 || total
-------------------------+-------+-------++-------
Melee: Hand axe          |    78 |    35 ||   113
Invok: Berserk           |     2 |     1 ||     3
 Stab: Sleeping          |     1 |       ||     1
  Eat: Chunk             |     3 |     3 ||     6
Armor: Animal skin       |    13 |     2 ||    15
Dodge: Dodged            |    65 |    16 ||    81
